Sasquatch vs Sewer Rats
Created - June 3, 2017 at 11:32
Goals
|
Sasquatch |
0 |
1 |
2 |
3 |
Sewer Rats |
2 |
2 |
3 |
7 |
|
Shots
|
Sasquatch |
3 |
17 |
18 |
38 |
Sewer Rats |
9 |
14 |
19 |
42 |
|
1st period
1. Sewer Rats , Zach Boychuk 3 (Jared Boll 1) at 1:51
2. Sewer Rats , Zach Boychuk 4 (Jared Boll 2, Peter Mueller 1) at 16:24 (PP)
Penalties :
Dmitrij Jaskin (Tol) for Holding (Minor) at 8:30, Jonathan Blum (Gat) for Tripping (Minor) at 14:54, Jason Akeson (Gat) for Interference (Minor) at 16:40
2nd period
3. Sewer Rats , Peter Mueller 2 (Mark Mancari 4, Ville Leino 3) at 3:13
4. Sewer Rats , Jared Boll 1 (Zach Boychuk 2, John Ramage 2) at 9:35
5. Sasquatch , Jason Zucker 3 (Lars Eller 2) at 14:10
Penalties :
Mattias Ekholm (Tol) for Boarding (Minor) at 5:15
3rd period
6. Sewer Rats , Vojtech Polak 2 (Matt Lashoff 2, Mattias Ekholm 3) at 2:30
7. Sasquatch , Teemu Hartikainen 1 (Slava Voynov 2, Garnet Hathaway 2) at 3:37
8. Sewer Rats , Peter Mueller 3 (Ville Leino 4) at 5:23 (PP)
9. Sewer Rats , Jared Boll 2 (Zach Boychuk 3, Matt Lashoff 3) at 5:49
10. Sasquatch , Jason Zucker 4 (Lars Eller 3, Stephane Da Costa 4) at 7:36
Penalties :
Danny DeKeiser (Gat) for Interference (Minor) at 5:18, Derek Dorsett (Tol) for Charging (Minor) at 10:00
Goalie Stats
Corey Crawford (Gat), 12 saves from 16 shots - (0.750), L, 1-2-0, 29:35 minutes
Martin Houle (Gat), 23 saves from 26 shots - (0.885), 30:25 minutes
Brad Thiessen (Tol), 35 saves from 38 shots - (0.921), W, 1-1-0, 60:00 minutes
Players Stats for Sasquatch
Player Name G A P +/- PIM S H SB GA TA FO MP PP MP PK MP
------------------------------------------------------------------------------------
Brock Trotter 0 0 0 0 0 3 2 0 0 0 0/0 10:03 0:00 0:17
Danny DeKeiser 0 0 0 -3 2 3 2 1 0 0 0/0 26:27 3:55 1:29
Drew Shore 0 0 0 0 0 1 2 1 0 0 3/9 12:00 0:00 2:19
Garnet Hathaway 0 1 1 0 0 2 4 0 0 0 0/0 6:38 0:00 0:00
Jason Akeson 0 0 0 0 2 3 2 0 0 1 0/0 22:32 3:11 0:00
Jason Zucker 2 0 2 -2 0 4 1 0 0 0 0/1 17:53 2:43 0:17
Jonathan Blum 0 0 0 0 2 1 1 2 0 1 0/0 26:02 2:02 1:12
Kris Russell 0 0 0 2 0 1 2 3 0 1 0/0 22:34 2:02 1:29
Lars Eller 0 2 2 -2 0 1 3 1 0 1 8/17 17:51 3:11 0:00
Linus Omark 0 0 0 0 0 7 0 0 1 0 2/3 23:26 3:11 0:58
Michal Jordan 0 0 0 -1 0 0 0 1 0 0 0/0 7:58 0:00 0:00
Ryan Strome 0 0 0 0 0 1 0 0 0 1 1/3 12:32 2:43 0:00
Sergey Kalinin 0 0 0 0 0 0 0 0 0 0 1/4 7:42 0:06 0:58
Slava Voynov 0 1 1 0 0 0 0 0 0 0 0/0 12:04 0:00 0:53
Stephane Da Costa 0 1 1 0 0 8 7 0 0 1 28/45 22:08 2:43 0:00
Teemu Hartikainen 1 0 1 0 0 1 0 0 0 0 0/0 8:57 0:00 2:19
Tyler Randell 0 0 0 -2 0 1 0 0 0 0 1/1 14:43 0:03 0:00
Yann Sauvé 0 0 0 -2 0 1 2 0 0 2 0/0 24:53 3:55 2:05
Players Stats for Sewer Rats
Player Name G A P +/- PIM S H SB GA TA FO MP PP MP PK MP
------------------------------------------------------------------------------------
Derek Dorsett 0 0 0 1 2 2 2 0 2 0 0/0 11:11 0:00 0:55
Dmitrij Jaskin 0 0 0 0 2 0 0 1 1 0 0/0 5:57 0:00 0:00
Jared Boll 2 2 4 1 0 4 0 0 0 0 1/1 17:04 1:41 0:00
Joel Edmundson 0 0 0 2 0 2 0 0 0 0 0/0 10:23 0:00 0:00
John Ramage 0 1 1 2 0 0 0 0 0 0 0/0 12:24 0:00 2:01
Jonathan Marchessault 0 0 0 1 0 1 1 0 0 0 7/20 17:04 1:41 0:00
Kyle Quincey 0 0 0 0 0 3 0 3 0 1 0/0 19:40 1:50 2:26
Mark Mancari 0 1 1 0 0 5 1 0 0 0 2/4 22:08 1:53 1:27
Matt Lashoff 0 2 2 0 0 5 0 4 2 0 0/0 28:53 1:44 2:27
Mattias Ekholm 0 1 1 0 2 2 2 1 1 0 0/0 25:10 1:44 2:14
Nick Cousins 0 0 0 0 0 0 0 0 0 0 0/0 0:00 0:00 0:00
Patrick Bordeleau 0 0 0 0 0 1 2 0 1 0 0/0 5:35 0:00 0:00
Peter Mueller 2 1 3 0 0 4 2 0 1 0 18/40 24:10 1:53 3:03
Ryan Murphy 0 0 0 0 0 0 0 0 0 0 0/0 4:01 0:00 0:29
Steven Kampfer 0 0 0 0 0 0 0 0 0 0 0/0 19:31 1:50 2:17
Ville Leino 0 2 2 0 0 7 3 2 0 0 4/9 24:10 1:53 3:03
Vincent Trocheck 0 0 0 1 0 0 1 0 0 0 3/4 10:49 0:00 0:32
Vojtech Polak 1 0 1 1 0 1 0 0 0 0 0/0 11:44 0:00 1:27
William Karlsson 0 0 0 0 0 0 0 0 0 0 4/5 5:35 0:00 0:00
Zach Boychuk 2 2 4 1 0 5 0 0 0 0 0/0 18:31 1:41 1:27
3 Stars
1 - Zach Boychuk (Tol)
2 - Jared Boll (Tol)
3 - Peter Mueller (Tol)
Power Play
Sasquatch - 0 on 3 Attempt(s) - 0.00%
Sewer Rats - 2 on 3 Attempt(s) - 66.67%
Penalty Kill
Sasquatch - 1 on 3 Attempt(s) - 33.33%
- Score 0 goal in Penalty Kill
Sewer Rats - 3 on 3 Attempt(s) - 100.00%
- Score 0 goal in Penalty Kill
Team Stat
Sasquatch - Hits : 28 - Faceoff Wins : 44 - Blocked Shots : 9 - Penalty Minutes : 6
Sewer Rats - Hits : 14 - Faceoff Wins : 39 - Blocked Shots : 11 - Penalty Minutes : 6
Official
Referees : L'Ecuyer Frederick and McCreary Bill
Linesman : Mark Shewchyk and Jean Morin
Game Notes
Martin Houle enters game at 9:35 of 2nd period
13:51 of 2nd period - Sasquatch goal is going for a video replay. After video review, No Goal. The goalkeeper has been pushed into the net together with the puck after making a save.
Kris Russell is injured at 13:56 of 3rd period (Left Knee)
Finance
Level 1 -- Attendance: 1707 (85.35%) -- Ticket Income $51,210
Level 2 -- Attendance: 931 (93.10%) -- Ticket Income $11,172
Total Attendance: 2638 (87.93%)
Total Ticket Income: $62,382
Other Income: $3,119
Total Income: $65,501
Sasquatch
5 vs 5 Forward
Center Left Wing Right Wing Time % Phy DF OF
1 Stephane Da Costa Linus Omark Jason Akeson 40 1 2 2
2 Lars Eller Jason Zucker Tyler Randell 30 1 2 2
3 Drew Shore Brock Trotter Ryan Strome 20 1 2 2
4 Sergey Kalinin Teemu Hartikainen Garnet Hathaway 10 1 2 2
5 vs 5 Defense
Defense Defense Time % Phy DF OF
1 Yann Sauvé Danny DeKeiser 40 1 2 2
2 Kris Russell Jonathan Blum 30 1 2 2
3 Kris Russell Slava Voynov 20 1 2 2
4 Jonathan Blum Michal Jordan 10 1 2 2
PowerPlay Forward
Center Left Wing Right Wing Time % Phy DF OF
1 Lars Eller Linus Omark Jason Akeson 60 1 2 2
2 Stephane Da Costa Jason Zucker Ryan Strome 40 1 2 2
PowerPlay Defense
Defense Defense Time % Phy DF OF
1 Danny DeKeiser Yann Sauvé 60 1 2 2
2 Kris Russell Jonathan Blum 40 1 2 2
Penalty Kill 4 Players Forward
Center Wing Time % Phy DF OF
1 Drew Shore Teemu Hartikainen 60 1 2 2
2 Sergey Kalinin Linus Omark 40 1 2 2
Penalty Kill 4 Players Defense
Defense Defense Time % Phy DF OF
1 Yann Sauvé Jonathan Blum 60 1 2 2
2 Kris Russell Danny DeKeiser 40 1 2 2
Penalty Kill - 3 Players Forward
Forward Time % Phy DF OF
1 Drew Shore 60 1 2 2
2 Sergey Kalinin 40 1 2 2
Penalty Kill - 3 Players Defense
Defense Defense Time % Phy DF OF
1 Jonathan Blum Yann Sauvé 60 1 2 2
2 Danny DeKeiser Kris Russell 40 1 2 2
4 vs 4 Forward
Center Wing Time % Phy DF OF
1 Drew Shore Teemu Hartikainen 60 1 2 2
2 Stephane Da Costa Linus Omark 40 1 2 2
4 vs 4 Defense
Defense Defense Time % Phy DF OF
1 Kris Russell Yann Sauvé 60 1 2 2
2 Danny DeKeiser Jonathan Blum 40 1 2 2
Last Minutes Offensive
Center Left Wing Right Wing Defense Defense
Lars Eller Linus Omark Jason Akeson Kris Russell Jonathan Blum
Last Minutes Defensive
Center Left Wing Right Wing Defense Defense
Drew Shore Linus Omark Teemu Hartikainen Danny DeKeiser Jonathan Blum
Goaltenders
Starting : Corey Crawford
Backup : Martin Houle
Extra Forwards
Normal : Jason Zucker, Jason Akeson, Brock Trotter - PP : Sergey Kalinin, Linus Omark - PK : Brock Trotter
Extra Defensemen
Normal : Jonathan Blum, Kris Russell, Danny DeKeiser - PP : Kris Russell - PK : Slava Voynov, Danny DeKeiser
Penalty Shots
Linus Omark, Lars Eller, Jason Akeson, Ryan Strome, Jason Zucker
Scratches
Andy Andreoff (Healthy), Philip Varone (Healthy), James Wisniewski (Sprained Right Knee Injury), Kris Russell (Left Knee Injury), Nick Leddy (Suspend)
Ty Rattie (Healthy), Jack Campbell (Healthy)
Sewer Rats
5 vs 5 Forward
Center Left Wing Right Wing Time % Phy DF OF
1 Peter Mueller Ville Leino Mark Mancari 40 1 2 2
2 Jonathan Marchessault Zach Boychuk Jared Boll 30 1 2 2
3 Vincent Trocheck Vojtech Polak Derek Dorsett 20 1 2 2
4 William Karlsson Patrick Bordeleau Dmitrij Jaskin 10 1 2 2
5 vs 5 Defense
Defense Defense Time % Phy DF OF
1 Matt Lashoff Mattias Ekholm 40 1 2 2
2 Kyle Quincey Steven Kampfer 30 1 2 2
3 Joel Edmundson John Ramage 20 1 2 2
4 Ryan Murphy Matt Lashoff 10 1 2 2
PowerPlay Forward
Center Left Wing Right Wing Time % Phy DF OF
1 Peter Mueller Ville Leino Mark Mancari 60 1 2 2
2 Jonathan Marchessault Zach Boychuk Jared Boll 40 1 2 2
PowerPlay Defense
Defense Defense Time % Phy DF OF
1 Matt Lashoff Mattias Ekholm 60 1 2 2
2 Kyle Quincey Steven Kampfer 40 1 2 2
Penalty Kill 4 Players Forward
Center Wing Time % Phy DF OF
1 Ville Leino Peter Mueller 60 1 2 2
2 Mark Mancari Zach Boychuk 40 1 2 2
Penalty Kill 4 Players Defense
Defense Defense Time % Phy DF OF
1 Matt Lashoff Mattias Ekholm 60 1 2 2
2 Kyle Quincey Steven Kampfer 40 1 2 2
Penalty Kill - 3 Players Forward
Forward Time % Phy DF OF
1 Ville Leino 60 1 2 2
2 Peter Mueller 40 1 2 2
Penalty Kill - 3 Players Defense
Defense Defense Time % Phy DF OF
1 Matt Lashoff Mattias Ekholm 60 1 2 2
2 Kyle Quincey Steven Kampfer 40 1 2 2
4 vs 4 Forward
Center Wing Time % Phy DF OF
1 Ville Leino Peter Mueller 60 1 2 2
2 Mark Mancari Zach Boychuk 40 1 2 2
4 vs 4 Defense
Defense Defense Time % Phy DF OF
1 Matt Lashoff Mattias Ekholm 60 1 2 2
2 Kyle Quincey Steven Kampfer 40 1 2 2
Last Minutes Offensive
Center Left Wing Right Wing Defense Defense
Peter Mueller Ville Leino Mark Mancari Matt Lashoff Mattias Ekholm
Last Minutes Defensive
Center Left Wing Right Wing Defense Defense
Peter Mueller Ville Leino Mark Mancari Matt Lashoff Mattias Ekholm
Goaltenders
Starting : Brad Thiessen
Backup : Richard Bachman
Extra Forwards
Normal : Nick Cousins, Vojtech Polak, Derek Dorsett - PP : Nick Cousins, Vojtech Polak - PK : Derek Dorsett
Extra Defensemen
Normal : Joel Edmundson, John Ramage, Ryan Murphy - PP : Joel Edmundson - PK : John Ramage, Ryan Murphy
Penalty Shots
Ville Leino, Peter Mueller, Mark Mancari, Zach Boychuk, Jared Boll
Scratches
Daniel Carr (Healthy), Kyle Turris (Bruised Left Arm Injury), John Lammers (Healthy), Josh Archibald (Healthy), Jarred Tinordi (Healthy)
Xavier Ouellet (Healthy), Jonathan Racine (Healthy), Tom Sestito (Healthy)
% Time on Ice - Sasquatch
Lines # - Real PCT - Wanted PCT - Time Play
Normal Forward
1 - 38% - 40% - 19:22
2 - 29% - 30% - 14:48
3 - 19% - 20% - 9:41
4 - 13% - 10% - 6:38
Normal Defense
1 - 37% - 40% - 18:34
2 - 29% - 30% - 14:41
3 - 23% - 20% - 11:30
4 - 11% - 10% - 5:44
PP Forward
1 - 54% - 60% - 3:14
2 - 46% - 40% - 2:43
PP Defense
1 - 66% - 60% - 3:55
2 - 34% - 40% - 2:02
PK Forward
1 - 73% - 60% - 2:36
2 - 27% - 40% - 0:58
PK Defense
1 - 58% - 60% - 2:05
2 - 42% - 40% - 1:29
PK3 Forward
1 - 0% - 60%
2 - 0% - 40%
PK3 Defense
1 - 0% - 60%
2 - 0% - 40%
44 Forward
1 - 0% - 60%
2 - 0% - 40%
44 Defense
1 - 0% - 60%
2 - 0% - 40%
Last Minute Offensive - 0:00
Last Minute Defensive - 0:00
Total
Forward - 60:00
Defense - 60:00
|
% Time on Ice - Sewer Rats
Lines # - Real PCT - Wanted PCT - Time Play
Normal Forward
1 - 38% - 40% - 19:14
2 - 30% - 30% - 15:23
3 - 20% - 20% - 10:17
4 - 11% - 10% - 5:35
Normal Defense
1 - 42% - 40% - 21:23
2 - 31% - 30% - 15:24
3 - 21% - 20% - 10:23
4 - 7% - 10% - 3:19
PP Forward
1 - 53% - 60% - 1:53
2 - 47% - 40% - 1:41
PP Defense
1 - 49% - 60% - 1:44
2 - 51% - 40% - 1:50
PK Forward
1 - 76% - 60% - 4:30
2 - 24% - 40% - 1:27
PK Defense
1 - 62% - 60% - 3:40
2 - 38% - 40% - 2:17
PK3 Forward
1 - 0% - 60%
2 - 0% - 40%
PK3 Defense
1 - 0% - 60%
2 - 0% - 40%
44 Forward
1 - 0% - 60%
2 - 0% - 40%
44 Defense
1 - 0% - 60%
2 - 0% - 40%
Last Minute Offensive - 0:00
Last Minute Defensive - 0:00
Total
Forward - 60:00
Defense - 60:00
|
Play by Play
1st period
0:01 of 1st period - Stephane Da Costa wins face-off versus Peter Mueller in neutral zone.
0:12 of 1st period - Slapshot by Linus Omark.
0:12 of 1st period - Shot Misses the Net.
0:14 of 1st period - Slapshot by Danny DeKeiser.
0:14 of 1st period - Stopped by Brad Thiessen with a rebound.
0:16 of 1st period - Slapshot by Linus Omark.
0:16 of 1st period - Shot Misses the Net.
0:51 of 1st period - Wrist shot by Patrick Bordeleau.
0:51 of 1st period - Shot Misses the Net.
1:03 of 1st period - Kris Russell is hit by Derek Dorsett and loses puck.
1:10 of 1st period - Kyle Quincey is hit by Garnet Hathaway and loses puck.
1:51 of 1st period - Snap shot by Zach Boychuk.
1:51 of 1st period - Goal by Zach Boychuk - Sasquatch : 0 - Sewer Rats : 1.
1:52 of 1st period - Peter Mueller wins face-off versus Lars Eller in neutral zone.
1:57 of 1st period - Slapshot by Peter Mueller.
1:57 of 1st period - Shot Misses the Net.
1:59 of 1st period - Snap shot by Ryan Murphy.
1:59 of 1st period - Shot Misses the Net.
2:01 of 1st period - Snap shot by Ville Leino.
2:01 of 1st period - Shot Blocked by Lars Eller.
2:03 of 1st period - Wrist shot by Ville Leino.
2:03 of 1st period - Shot Misses the Net.
2:05 of 1st period - Snap shot by Matt Lashoff.
2:05 of 1st period - Stopped by Corey Crawford without a rebound.
2:06 of 1st period - Stephane Da Costa wins face-off versus Vincent Trocheck in Sasquatch zone.
2:33 of 1st period - Jared Boll is hit by Drew Shore and loses puck.
3:08 of 1st period - Danny DeKeiser is hit by Ville Leino and loses puck.
3:21 of 1st period - John Ramage is hit by Lars Eller and loses puck.
3:42 of 1st period - John Ramage is hit by Kris Russell and loses puck.
3:57 of 1st period - Steven Kampfer is hit by Stephane Da Costa and loses puck.
4:59 of 1st period - Snap shot by Patrick Bordeleau.
4:59 of 1st period - Shot Misses the Net.
5:01 of 1st period - Wrist shot by Matt Lashoff.
5:01 of 1st period - Deflect By Patrick Bordeleau.
5:01 of 1st period - Shot Blocked by Kris Russell.
5:01 of 1st period - Puck is out of play.
5:02 of 1st period - Peter Mueller wins face-off versus Stephane Da Costa in Sasquatch zone.
5:09 of 1st period - Snap shot by Mark Mancari.
5:09 of 1st period - Stopped by Corey Crawford with a rebound.
5:17 of 1st period - Slapshot by Peter Mueller.
5:17 of 1st period - Stopped by Corey Crawford without a rebound.
5:18 of 1st period - Lars Eller wins face-off versus Jonathan Marchessault in Sasquatch zone.
5:45 of 1st period - Ville Leino is hit by Stephane Da Costa and loses puck.
6:12 of 1st period - Snap shot by Derek Dorsett.
6:12 of 1st period - Stopped by Corey Crawford with a rebound.
6:46 of 1st period - Brock Trotter is hit by Jonathan Marchessault and loses puck.
8:00 of 1st period - Brock Trotter is hit by Derek Dorsett and loses puck.
8:09 of 1st period - Slapshot by Yann Sauvé.
8:09 of 1st period - Shot Misses the Net.
8:30 of 1st period - Minor Penalty to Dmitrij Jaskin for Holding.
8:31 of 1st period - Ville Leino wins face-off versus Lars Eller in Sewer Rats zone.
9:58 of 1st period - Mark Mancari is hit by Lars Eller and loses puck.
10:20 of 1st period - Icing by Jason Akeson.
10:21 of 1st period - Ville Leino wins face-off versus Lars Eller in Sasquatch zone.
10:30 of 1st period - Penalty to Dmitrij Jaskin is over, Dmitrij Jaskin is back on ice.
11:02 of 1st period - Snap shot by Drew Shore.
11:02 of 1st period - Shot Misses the Net.
11:04 of 1st period - Slapshot by Kris Russell.
11:04 of 1st period - Shot Misses the Net.
11:40 of 1st period - Steven Kampfer is hit by Garnet Hathaway and loses puck.
11:59 of 1st period - Snap shot by Brock Trotter.
11:59 of 1st period - Stopped by Brad Thiessen with a rebound.
12:01 of 1st period - Wrist shot by Drew Shore.
12:01 of 1st period - Deflect By Zach Boychuk.
12:01 of 1st period - Shot Misses the Net.
12:01 of 1st period - Puck is out of play.
12:02 of 1st period - Linus Omark wins face-off versus Jonathan Marchessault in Sewer Rats zone.
12:05 of 1st period - Wrist shot by Linus Omark.
12:05 of 1st period - Shot Blocked by Mattias Ekholm.
12:07 of 1st period - Snap shot by Linus Omark.
12:07 of 1st period - Stopped by Brad Thiessen without a rebound.
12:08 of 1st period - Peter Mueller wins face-off versus Stephane Da Costa in Sewer Rats zone.
13:00 of 1st period - Snap shot by Derek Dorsett.
13:00 of 1st period - Shot Misses the Net.
13:36 of 1st period - Slapshot by Stephane Da Costa.
13:36 of 1st period - Shot Blocked by Matt Lashoff.
14:14 of 1st period - Wrist shot by Mark Mancari.
14:14 of 1st period - Deflect By Ville Leino.
14:14 of 1st period - Stopped by Corey Crawford with a rebound.
14:16 of 1st period - Slapshot by Mark Mancari.
14:16 of 1st period - Deflect By Ville Leino.
14:16 of 1st period - Shot Blocked by Drew Shore.
14:16 of 1st period - Puck is out of play.
14:17 of 1st period - Peter Mueller wins face-off versus Linus Omark in Sasquatch zone.
14:52 of 1st period - Snap shot by Ville Leino.
14:52 of 1st period - Stopped by Corey Crawford with a rebound.
14:54 of 1st period - Minor Penalty to Jonathan Blum for Tripping.
14:55 of 1st period - Drew Shore wins face-off versus Jonathan Marchessault in Sasquatch zone.
15:06 of 1st period - Snap shot by Jared Boll.
15:06 of 1st period - Shot Misses the Net.
15:25 of 1st period - Icing by Mark Mancari.
15:26 of 1st period - Peter Mueller wins face-off versus Drew Shore in Sewer Rats zone.
15:58 of 1st period - Wrist shot by Jonathan Marchessault.
15:58 of 1st period - Deflect By Yann Sauvé.
15:58 of 1st period - Shot Misses the Net.
15:58 of 1st period - Puck is out of play.
15:59 of 1st period - Peter Mueller wins face-off versus Sergey Kalinin in Sasquatch zone.
16:22 of 1st period - Snap shot by Jared Boll.
16:22 of 1st period - Shot Misses the Net.
16:24 of 1st period - Wrist shot by Zach Boychuk.
16:24 of 1st period - Goal by Zach Boychuk - Sasquatch : 0 - Sewer Rats : 2.
16:25 of 1st period - Stephane Da Costa wins face-off versus Peter Mueller in neutral zone.
16:40 of 1st period - Minor Penalty to Jason Akeson for Interference.
16:41 of 1st period - Drew Shore wins face-off versus Peter Mueller in Sasquatch zone.
17:15 of 1st period - Snap shot by Jared Boll.
17:15 of 1st period - Stopped by Corey Crawford with a rebound.
17:26 of 1st period - Icing by Mark Mancari.
17:27 of 1st period - Drew Shore wins face-off versus Peter Mueller in Sewer Rats zone.
18:00 of 1st period - Drew Shore is hit by Peter Mueller and loses puck.
18:40 of 1st period - Penalty to Jason Akeson is over, Jason Akeson is back on ice.
19:50 of 1st period - Jonathan Blum is hit by Patrick Bordeleau and loses puck.
Goals for this period are 0 for Sasquatch vs 2 for Sewer Rats.
Shots for this period are 3 for Sasquatch vs 9 for Sewer Rats.
2nd period
0:01 of 2nd period - Mark Mancari wins face-off versus Stephane Da Costa in neutral zone.
0:56 of 2nd period - Slapshot by Matt Lashoff.
0:56 of 2nd period - Shot Misses the Net.
0:58 of 2nd period - Slapshot by Matt Lashoff.
0:58 of 2nd period - Stopped by Corey Crawford without a rebound.
0:59 of 2nd period - Peter Mueller wins face-off versus Stephane Da Costa in Sasquatch zone.
1:31 of 2nd period - Slapshot by Jonathan Blum.
1:31 of 2nd period - Stopped by Brad Thiessen without a rebound.
1:32 of 2nd period - Stephane Da Costa wins face-off versus Jonathan Marchessault in Sewer Rats zone.
1:38 of 2nd period - Off-side.
1:39 of 2nd period - Jonathan Marchessault wins face-off versus Stephane Da Costa in neutral zone.
1:42 of 2nd period - Slapshot by Matt Lashoff.
1:42 of 2nd period - Shot Misses the Net.
2:13 of 2nd period - Wrist shot by Stephane Da Costa.
2:13 of 2nd period - Shot Misses the Net.
2:41 of 2nd period - Snap shot by Stephane Da Costa.
2:41 of 2nd period - Shot Blocked by Kyle Quincey.
2:45 of 2nd period - Wrist shot by Stephane Da Costa.
2:45 of 2nd period - Stopped by Brad Thiessen without a rebound.
2:46 of 2nd period - Lars Eller wins face-off versus Peter Mueller in Sewer Rats zone.
2:55 of 2nd period - Slapshot by Lars Eller.
2:55 of 2nd period - Deflect By Jason Zucker.
2:55 of 2nd period - Shot Hit the Post.
2:55 of 2nd period - Puck is out of play.
2:56 of 2nd period - Lars Eller wins face-off versus Peter Mueller in Sewer Rats zone.
3:13 of 2nd period - Snap shot by Peter Mueller.
3:13 of 2nd period - Goal by Peter Mueller - Sasquatch : 0 - Sewer Rats : 3.
3:14 of 2nd period - Lars Eller wins face-off versus Mark Mancari in neutral zone.
3:44 of 2nd period - Wrist shot by Stephane Da Costa.
3:44 of 2nd period - Stopped by Brad Thiessen without a rebound.
3:45 of 2nd period - Jonathan Marchessault wins face-off versus Stephane Da Costa in Sewer Rats zone.
4:19 of 2nd period - Off-side.
4:20 of 2nd period - Lars Eller wins face-off versus Peter Mueller in neutral zone.
4:29 of 2nd period - Slapshot by Peter Mueller.
4:29 of 2nd period - Shot Misses the Net.
4:31 of 2nd period - Slapshot by Matt Lashoff.
4:31 of 2nd period - Shot Blocked by Jonathan Blum.
4:33 of 2nd period - Snap shot by Peter Mueller.
4:33 of 2nd period - Shot Blocked by Jonathan Blum.
4:35 of 2nd period - Wrist shot by Peter Mueller.
4:35 of 2nd period - Stopped by Corey Crawford with a rebound.
4:37 of 2nd period - Snap shot by Mark Mancari.
4:37 of 2nd period - Shot Misses the Net.
4:39 of 2nd period - Wrist shot by Ville Leino.
4:39 of 2nd period - Stopped by Corey Crawford without a rebound.
4:40 of 2nd period - Stephane Da Costa wins face-off versus Jonathan Marchessault in Sasquatch zone.
4:53 of 2nd period - Snap shot by Linus Omark.
4:53 of 2nd period - Stopped by Brad Thiessen without a rebound.
4:54 of 2nd period - Peter Mueller wins face-off versus Lars Eller in Sewer Rats zone.
5:07 of 2nd period - Snap shot by Tyler Randell.
5:07 of 2nd period - Stopped by Brad Thiessen with a rebound.
5:09 of 2nd period - Slapshot by Lars Eller.
5:09 of 2nd period - Stopped by Brad Thiessen with a rebound.
5:15 of 2nd period - Minor Penalty to Mattias Ekholm for Boarding.
5:16 of 2nd period - Ville Leino wins face-off versus Lars Eller in Sewer Rats zone.
7:01 of 2nd period - Snap shot by Derek Dorsett.
7:01 of 2nd period - Shot Misses the Net.
7:15 of 2nd period - Penalty to Mattias Ekholm is over, Mattias Ekholm is back on ice.
7:25 of 2nd period - Slapshot by Teemu Hartikainen.
7:25 of 2nd period - Shot Misses the Net.
7:27 of 2nd period - Snap shot by Teemu Hartikainen.
7:27 of 2nd period - Deflect By Sergey Kalinin.
7:27 of 2nd period - Shot Misses the Net.
7:27 of 2nd period - Puck is out of play.
7:28 of 2nd period - Sergey Kalinin wins face-off versus Jonathan Marchessault in Sewer Rats zone.
8:05 of 2nd period - Snap shot by Jonathan Marchessault.
8:05 of 2nd period - Stopped by Corey Crawford with a rebound.
8:59 of 2nd period - Snap shot by Zach Boychuk.
8:59 of 2nd period - Shot Misses the Net.
9:01 of 2nd period - Wrist shot by Zach Boychuk.
9:01 of 2nd period - Shot Hit the Post.
9:03 of 2nd period - Slapshot by Joel Edmundson.
9:03 of 2nd period - Stopped by Corey Crawford with a rebound.
9:05 of 2nd period - Wrist shot by Jared Boll.
9:05 of 2nd period - Shot Misses the Net.
9:35 of 2nd period - Snap shot by Jared Boll.
9:35 of 2nd period - Goal by Jared Boll - Sasquatch : 0 - Sewer Rats : 4.
9:35 of 2nd period - Martin Houle enters game.
9:36 of 2nd period - Peter Mueller wins face-off versus Stephane Da Costa in neutral zone.
9:45 of 2nd period - Wrist shot by Stephane Da Costa.
9:45 of 2nd period - Stopped by Brad Thiessen without a rebound.
9:46 of 2nd period - Stephane Da Costa wins face-off versus Peter Mueller in Sewer Rats zone.
9:51 of 2nd period - Snap shot by Stephane Da Costa.
9:51 of 2nd period - Stopped by Brad Thiessen without a rebound.
9:52 of 2nd period - Peter Mueller wins face-off versus Stephane Da Costa in Sewer Rats zone.
9:52 of 2nd period - Peter Mueller is hit by Yann Sauvé.
10:24 of 2nd period - Wrist shot by Derek Dorsett.
10:24 of 2nd period - Shot Misses the Net.
11:05 of 2nd period - Slapshot by Matt Lashoff.
11:05 of 2nd period - Stopped by Martin Houle without a rebound.
11:06 of 2nd period - William Karlsson wins face-off versus Ryan Strome in Sasquatch zone.
11:13 of 2nd period - Kyle Quincey is hit by Brock Trotter and loses puck.
11:20 of 2nd period - Slapshot by Brock Trotter.
11:20 of 2nd period - Shot Blocked by Kyle Quincey.
11:22 of 2nd period - Wrist shot by Brock Trotter.
11:22 of 2nd period - Stopped by Brad Thiessen without a rebound.
11:23 of 2nd period - Stephane Da Costa wins face-off versus Peter Mueller in Sewer Rats zone.
11:26 of 2nd period - Snap shot by Stephane Da Costa.
11:26 of 2nd period - Stopped by Brad Thiessen without a rebound.
11:27 of 2nd period - Stephane Da Costa wins face-off versus Peter Mueller in Sewer Rats zone.
11:30 of 2nd period - Slapshot by Stephane Da Costa.
11:30 of 2nd period - Deflect By Jason Akeson.
11:30 of 2nd period - Shot Misses the Net.
11:30 of 2nd period - Puck is out of play.
11:31 of 2nd period - Stephane Da Costa wins face-off versus Ville Leino in Sewer Rats zone.
11:36 of 2nd period - Steven Kampfer is hit by Stephane Da Costa.
12:41 of 2nd period - Off-side.
12:42 of 2nd period - Jonathan Marchessault wins face-off versus Lars Eller in neutral zone.
13:05 of 2nd period - Zach Boychuk is hit by Jason Zucker and loses puck.
13:24 of 2nd period - Slapshot by Jonathan Blum.
13:24 of 2nd period - Deflect By Tyler Randell.
13:24 of 2nd period - Shot Misses the Net.
13:24 of 2nd period - Puck is out of play.
13:25 of 2nd period - Vincent Trocheck wins face-off versus Ryan Strome in Sewer Rats zone.
13:25 of 2nd period - Vincent Trocheck is hit by Drew Shore.
13:33 of 2nd period - Snap shot by Derek Dorsett.
13:33 of 2nd period - Shot Misses the Net.
13:35 of 2nd period - Backhand shot by Derek Dorsett.
13:35 of 2nd period - Stopped by Martin Houle without a rebound.
13:36 of 2nd period - William Karlsson wins face-off versus Drew Shore in Sasquatch zone.
13:37 of 2nd period - Slapshot by Kyle Quincey.
13:37 of 2nd period - Stopped by Martin Houle with a rebound.
13:43 of 2nd period - Wrist shot by Brock Trotter.
13:43 of 2nd period - Stopped by Brad Thiessen with a rebound.
13:45 of 2nd period - Snap shot by Ryan Strome.
13:45 of 2nd period - Stopped by Brad Thiessen with a rebound.
13:47 of 2nd period - Slapshot by Yann Sauvé.
13:47 of 2nd period - Shot Blocked by Dmitrij Jaskin.
13:49 of 2nd period - Snap shot by Yann Sauvé.
13:49 of 2nd period - Shot Misses the Net.
13:51 of 2nd period - Slapshot by Danny DeKeiser.
13:51 of 2nd period - Sasquatch goal is going for a video replay.
13:51 of 2nd period - The goal is refused. The goalkeeper has been pushed into the net together with the puck after making a save..
13:52 of 2nd period - Stephane Da Costa wins face-off versus Peter Mueller in Sewer Rats zone.
14:01 of 2nd period - Mark Mancari is hit by Stephane Da Costa and loses puck.
14:06 of 2nd period - Wrist shot by Linus Omark.
14:06 of 2nd period - Shot Misses the Net.
14:08 of 2nd period - Wrist shot by Jason Akeson.
14:08 of 2nd period - Stopped by Brad Thiessen without a rebound.
14:09 of 2nd period - Lars Eller wins face-off versus Jonathan Marchessault in Sewer Rats zone.
14:10 of 2nd period - Wrist shot by Jason Zucker.
14:10 of 2nd period - Goal by Jason Zucker - Sasquatch : 1 - Sewer Rats : 4.
14:11 of 2nd period - Linus Omark wins face-off versus Ville Leino in neutral zone.
14:22 of 2nd period - Stephane Da Costa is hit by Peter Mueller and loses puck.
14:47 of 2nd period - Wrist shot by Lars Eller.
14:47 of 2nd period - Shot Hit the Post.
15:09 of 2nd period - Yann Sauvé is hit by Mattias Ekholm and loses puck.
15:24 of 2nd period - Snap shot by Mark Mancari.
15:24 of 2nd period - Stopped by Martin Houle with a rebound.
15:26 of 2nd period - Slapshot by Steven Kampfer.
15:26 of 2nd period - Deflect By Peter Mueller.
15:26 of 2nd period - Shot Misses the Net.
15:26 of 2nd period - Puck is out of play.
15:27 of 2nd period - Stephane Da Costa wins face-off versus Peter Mueller in Sasquatch zone.
15:42 of 2nd period - Slapshot by Kyle Quincey.
15:42 of 2nd period - Stopped by Martin Houle with a rebound.
16:02 of 2nd period - Slapshot by Kyle Quincey.
16:02 of 2nd period - Shot Blocked by Kris Russell.
16:12 of 2nd period - Vojtech Polak is hit by Brock Trotter and loses puck.
16:19 of 2nd period - Wrist shot by Drew Shore.
16:19 of 2nd period - Deflect By Derek Dorsett.
16:19 of 2nd period - Stopped by Brad Thiessen without a rebound.
16:20 of 2nd period - Stephane Da Costa wins face-off versus Peter Mueller in Sewer Rats zone.
16:46 of 2nd period - John Ramage is hit by Danny DeKeiser and loses puck.
16:51 of 2nd period - Snap shot by Stephane Da Costa.
16:51 of 2nd period - Stopped by Brad Thiessen without a rebound.
16:52 of 2nd period - Jonathan Marchessault wins face-off versus Jason Zucker in Sewer Rats zone.
17:35 of 2nd period - Icing by Mattias Ekholm.
17:36 of 2nd period - Vincent Trocheck wins face-off versus Sergey Kalinin in Sewer Rats zone.
18:14 of 2nd period - Wrist shot by Mark Mancari.
18:14 of 2nd period - Shot Misses the Net.
18:48 of 2nd period - Icing by Danny DeKeiser.
18:49 of 2nd period - Ryan Strome wins face-off versus William Karlsson in Sasquatch zone.
18:51 of 2nd period - Icing by Brock Trotter.
18:52 of 2nd period - William Karlsson wins face-off versus Drew Shore in Sasquatch zone.
18:58 of 2nd period - Off-side.
18:59 of 2nd period - Peter Mueller wins face-off versus Stephane Da Costa in neutral zone.
19:08 of 2nd period - Wrist shot by Ville Leino.
19:08 of 2nd period - Stopped by Martin Houle with a rebound.
19:10 of 2nd period - Slapshot by John Ramage.
19:10 of 2nd period - Shot Misses the Net.
19:12 of 2nd period - Wrist shot by Ville Leino.
19:12 of 2nd period - Shot Misses the Net.
19:14 of 2nd period - Snap shot by Joel Edmundson.
19:14 of 2nd period - Stopped by Martin Houle with a rebound.
Goals for this period are 1 for Sasquatch vs 2 for Sewer Rats.
Shots for this period are 17 for Sasquatch vs 14 for Sewer Rats.
3rd period
0:01 of 3rd period - Stephane Da Costa wins face-off versus Peter Mueller in neutral zone.
0:10 of 3rd period - Snap shot by Stephane Da Costa.
0:10 of 3rd period - Shot Blocked by Ville Leino.
0:12 of 3rd period - Snap shot by Linus Omark.
0:12 of 3rd period - Stopped by Brad Thiessen without a rebound.
0:13 of 3rd period - Stephane Da Costa wins face-off versus Mark Mancari in Sewer Rats zone.
0:18 of 3rd period - Slapshot by Jason Akeson.
0:18 of 3rd period - Stopped by Brad Thiessen without a rebound.
0:19 of 3rd period - Stephane Da Costa wins face-off versus Peter Mueller in Sewer Rats zone.
0:22 of 3rd period - Snap shot by Jason Akeson.
0:22 of 3rd period - Stopped by Brad Thiessen with a rebound.
0:28 of 3rd period - Wrist shot by Ville Leino.
0:28 of 3rd period - Shot Misses the Net.
0:30 of 3rd period - Wrist shot by Ville Leino.
0:30 of 3rd period - Stopped by Martin Houle with a rebound.
0:32 of 3rd period - Slapshot by Mattias Ekholm.
0:32 of 3rd period - Stopped by Martin Houle without a rebound.
0:33 of 3rd period - Tyler Randell wins face-off versus Ville Leino in Sasquatch zone.
0:38 of 3rd period - Mark Mancari is hit by Lars Eller and loses puck.
0:59 of 3rd period - Matt Lashoff is hit by Stephane Da Costa and loses puck.
1:26 of 3rd period - Slapshot by Patrick Bordeleau.
1:26 of 3rd period - Stopped by Martin Houle with a rebound.
1:36 of 3rd period - Slapshot by Stephane Da Costa.
1:36 of 3rd period - Deflect By Linus Omark.
1:36 of 3rd period - Shot Misses the Net.
1:36 of 3rd period - Puck is out of play.
1:37 of 3rd period - Peter Mueller wins face-off versus Lars Eller in Sewer Rats zone.
2:08 of 3rd period - Wrist shot by Brock Trotter.
2:08 of 3rd period - Shot Misses the Net.
2:28 of 3rd period - Slapshot by Matt Lashoff.
2:28 of 3rd period - Deflect By Danny DeKeiser.
2:28 of 3rd period - Stopped by Martin Houle with a rebound.
2:30 of 3rd period - Snap shot by Vojtech Polak.
2:30 of 3rd period - Goal by Vojtech Polak - Sasquatch : 1 - Sewer Rats : 5.
2:31 of 3rd period - Stephane Da Costa wins face-off versus Ville Leino in neutral zone.
2:31 of 3rd period - Kris Russell is hit by Ville Leino.
2:32 of 3rd period - Off-side.
2:33 of 3rd period - Stephane Da Costa wins face-off versus Peter Mueller in neutral zone.
2:44 of 3rd period - Snap shot by Linus Omark.
2:44 of 3rd period - Deflect By Stephane Da Costa.
2:44 of 3rd period - Stopped by Brad Thiessen with a rebound.
2:46 of 3rd period - Slapshot by Linus Omark.
2:46 of 3rd period - Stopped by Brad Thiessen with a rebound.
3:05 of 3rd period - Slapshot by Kris Russell.
3:05 of 3rd period - Stopped by Brad Thiessen with a rebound.
3:23 of 3rd period - Slapshot by Lars Eller.
3:23 of 3rd period - Shot Blocked by Matt Lashoff.
3:35 of 3rd period - Wrist shot by Garnet Hathaway.
3:35 of 3rd period - Stopped by Brad Thiessen with a rebound.
3:37 of 3rd period - Slapshot by Slava Voynov.
3:37 of 3rd period - Deflect By Teemu Hartikainen.
3:37 of 3rd period - Goal by Teemu Hartikainen - Sasquatch : 2 - Sewer Rats : 5.
3:38 of 3rd period - Stephane Da Costa wins face-off versus Jonathan Marchessault in neutral zone.
3:41 of 3rd period - Jonathan Marchessault is hit by Jason Akeson and loses puck.
3:48 of 3rd period - Slapshot by Linus Omark.
3:48 of 3rd period - Deflect By Stephane Da Costa.
3:48 of 3rd period - Shot Misses the Net.
3:48 of 3rd period - Puck is out of play.
3:49 of 3rd period - Jonathan Marchessault wins face-off versus Stephane Da Costa in Sewer Rats zone.
3:49 of 3rd period - Jonathan Marchessault is hit by Danny DeKeiser.
3:55 of 3rd period - Slapshot by Steven Kampfer.
3:55 of 3rd period - Deflect By Zach Boychuk.
3:55 of 3rd period - Deflect By Danny DeKeiser.
3:55 of 3rd period - Stopped by Martin Houle with a rebound.
4:05 of 3rd period - Wrist shot by Linus Omark.
4:05 of 3rd period - Stopped by Brad Thiessen with a rebound.
5:09 of 3rd period - Snap shot by Mattias Ekholm.
5:09 of 3rd period - Stopped by Martin Houle without a rebound.
5:10 of 3rd period - Stephane Da Costa wins face-off versus Jonathan Marchessault in Sasquatch zone.
5:15 of 3rd period - Wrist shot by Jared Boll.
5:15 of 3rd period - Stopped by Martin Houle without a rebound.
5:16 of 3rd period - Stephane Da Costa wins face-off versus Jonathan Marchessault in Sasquatch zone.
5:18 of 3rd period - Minor Penalty to Danny DeKeiser for Interference.
5:19 of 3rd period - Peter Mueller wins face-off versus Drew Shore in Sasquatch zone.
5:23 of 3rd period - Snap shot by Peter Mueller.
5:23 of 3rd period - Goal by Peter Mueller - Sasquatch : 2 - Sewer Rats : 6.
5:24 of 3rd period - Peter Mueller wins face-off versus Stephane Da Costa in neutral zone.
5:39 of 3rd period - Wrist shot by Linus Omark.
5:39 of 3rd period - Stopped by Brad Thiessen without a rebound.
5:40 of 3rd period - Jonathan Marchessault wins face-off versus Lars Eller in Sewer Rats zone.
5:49 of 3rd period - Snap shot by Jared Boll.
5:49 of 3rd period - Goal by Jared Boll - Sasquatch : 2 - Sewer Rats : 7.
5:50 of 3rd period - Peter Mueller wins face-off versus Stephane Da Costa in neutral zone.
5:57 of 3rd period - Slapshot by Jason Akeson.
5:57 of 3rd period - Shot Blocked by Ville Leino.
6:25 of 3rd period - Icing by Danny DeKeiser.
6:26 of 3rd period - Lars Eller wins face-off versus Jonathan Marchessault in Sasquatch zone.
6:31 of 3rd period - Slapshot by Yann Sauvé.
6:31 of 3rd period - Deflect By Jason Zucker.
6:31 of 3rd period - Stopped by Brad Thiessen with a rebound.
6:33 of 3rd period - Snap shot by Danny DeKeiser.
6:33 of 3rd period - Shot Misses the Net.
6:35 of 3rd period - Slapshot by Danny DeKeiser.
6:35 of 3rd period - Shot Misses the Net.
6:37 of 3rd period - Slapshot by Danny DeKeiser.
6:37 of 3rd period - Stopped by Brad Thiessen without a rebound.
6:38 of 3rd period - Stephane Da Costa wins face-off versus Peter Mueller in Sewer Rats zone.
6:43 of 3rd period - Slapshot by Stephane Da Costa.
6:43 of 3rd period - Stopped by Brad Thiessen without a rebound.
6:44 of 3rd period - Peter Mueller wins face-off versus Stephane Da Costa in Sewer Rats zone.
6:44 of 3rd period - Peter Mueller is hit by Yann Sauvé.
6:50 of 3rd period - Wrist shot by Matt Lashoff.
6:50 of 3rd period - Stopped by Martin Houle without a rebound.
6:51 of 3rd period - Stephane Da Costa wins face-off versus Peter Mueller in Sasquatch zone.
6:58 of 3rd period - Wrist shot by Mark Mancari.
6:58 of 3rd period - Stopped by Martin Houle without a rebound.
6:59 of 3rd period - Stephane Da Costa wins face-off versus Peter Mueller in Sasquatch zone.
7:36 of 3rd period - Wrist shot by Jason Zucker.
7:36 of 3rd period - Goal by Jason Zucker - Sasquatch : 3 - Sewer Rats : 7.
7:37 of 3rd period - Stephane Da Costa wins face-off versus Ville Leino in neutral zone.
7:39 of 3rd period - Off-side.
7:40 of 3rd period - Peter Mueller wins face-off versus Stephane Da Costa in neutral zone.
7:53 of 3rd period - Wrist shot by Linus Omark.
7:53 of 3rd period - Shot Misses the Net.
7:55 of 3rd period - Slapshot by Yann Sauvé.
7:55 of 3rd period - Shot Blocked by Kyle Quincey.
8:08 of 3rd period - Off-side.
8:09 of 3rd period - Lars Eller wins face-off versus Jonathan Marchessault in neutral zone.
8:36 of 3rd period - Slapshot by Lars Eller.
8:36 of 3rd period - Shot Misses the Net.
9:08 of 3rd period - Slapshot by Zach Boychuk.
9:08 of 3rd period - Stopped by Martin Houle without a rebound.
9:09 of 3rd period - Stephane Da Costa wins face-off versus Peter Mueller in Sasquatch zone.
9:21 of 3rd period - Off-side.
9:22 of 3rd period - Stephane Da Costa wins face-off versus Peter Mueller in neutral zone.
9:35 of 3rd period - Wrist shot by Mark Mancari.
9:35 of 3rd period - Stopped by Martin Houle with a rebound.
9:37 of 3rd period - Wrist shot by Mark Mancari.
9:37 of 3rd period - Deflect By Danny DeKeiser.
9:37 of 3rd period - Shot Blocked by Danny DeKeiser.
9:37 of 3rd period - Puck is out of play.
9:38 of 3rd period - Vincent Trocheck wins face-off versus Drew Shore in Sasquatch zone.
10:00 of 3rd period - Minor Penalty to Derek Dorsett for Charging.
10:01 of 3rd period - Ville Leino wins face-off versus Lars Eller in Sewer Rats zone.
10:32 of 3rd period - Wrist shot by Jason Zucker.
10:32 of 3rd period - Stopped by Brad Thiessen with a rebound.
10:34 of 3rd period - Slapshot by Yann Sauvé.
10:34 of 3rd period - Stopped by Brad Thiessen with a rebound.
10:36 of 3rd period - Slapshot by Danny DeKeiser.
10:36 of 3rd period - Shot Blocked by Matt Lashoff.
12:00 of 3rd period - Penalty to Derek Dorsett is over, Derek Dorsett is back on ice.
12:12 of 3rd period - Jonathan Marchessault is hit by Kris Russell and loses puck.
12:19 of 3rd period - Slapshot by Slava Voynov.
12:19 of 3rd period - Deflect By Garnet Hathaway.
12:19 of 3rd period - Stopped by Brad Thiessen without a rebound.
12:20 of 3rd period - William Karlsson wins face-off versus Sergey Kalinin in Sewer Rats zone.
13:07 of 3rd period - Matt Lashoff is hit by Garnet Hathaway and loses puck.
13:24 of 3rd period - Mattias Ekholm is hit by Stephane Da Costa and loses puck.
13:35 of 3rd period - Linus Omark is hit by Ville Leino and loses puck.
13:44 of 3rd period - Wrist shot by Ville Leino.
13:44 of 3rd period - Shot Misses the Net.
13:46 of 3rd period - Snap shot by Ville Leino.
13:46 of 3rd period - Stopped by Martin Houle without a rebound.
13:47 of 3rd period - Jonathan Marchessault wins face-off versus Drew Shore in Sasquatch zone.
13:56 of 3rd period - Snap shot by Jared Boll.
13:56 of 3rd period - Shot Blocked by Kris Russell.
13:56 of 3rd period - Kris Russell from Sasquatch is injured at 13:56 of 3rd period (Left Knee).
13:57 of 3rd period - Stephane Da Costa wins face-off versus Peter Mueller in Sasquatch zone.
14:07 of 3rd period - Mark Mancari is hit by Jason Akeson and loses puck.
14:27 of 3rd period - Snap shot by Jason Zucker.
14:27 of 3rd period - Shot Misses the Net.
14:29 of 3rd period - Slapshot by Tyler Randell.
14:29 of 3rd period - Shot Blocked by Matt Lashoff.
15:22 of 3rd period - Icing by Sergey Kalinin.
15:23 of 3rd period - Mark Mancari wins face-off versus Stephane Da Costa in Sasquatch zone.
15:30 of 3rd period - Slapshot by Ville Leino.
15:30 of 3rd period - Stopped by Martin Houle without a rebound.
15:31 of 3rd period - Peter Mueller wins face-off versus Stephane Da Costa in Sasquatch zone.
15:34 of 3rd period - Wrist shot by Mark Mancari.
15:34 of 3rd period - Stopped by Martin Houle with a rebound.
15:56 of 3rd period - Jason Zucker is hit by Vincent Trocheck and loses puck.
16:24 of 3rd period - Vojtech Polak is hit by Garnet Hathaway and loses puck.
16:43 of 3rd period - Jonathan Marchessault is hit by Jonathan Blum and loses puck.
17:02 of 3rd period - Ville Leino is hit by Stephane Da Costa and loses puck.
17:09 of 3rd period - Wrist shot by Linus Omark.
17:09 of 3rd period - Stopped by Brad Thiessen with a rebound.
17:11 of 3rd period - Slapshot by Danny DeKeiser.
17:11 of 3rd period - Shot Misses the Net.
17:36 of 3rd period - Snap shot by Peter Mueller.
17:36 of 3rd period - Shot Blocked by Michal Jordan.
17:38 of 3rd period - Slapshot by Kyle Quincey.
17:38 of 3rd period - Deflect By Mark Mancari.
17:38 of 3rd period - Shot Misses the Net.
17:38 of 3rd period - Puck is out of play.
17:39 of 3rd period - Stephane Da Costa wins face-off versus Jonathan Marchessault in Sasquatch zone.
17:48 of 3rd period - Snap shot by Zach Boychuk.
17:48 of 3rd period - Shot Misses the Net.
17:50 of 3rd period - Snap shot by Kyle Quincey.
17:50 of 3rd period - Stopped by Martin Houle without a rebound.
17:51 of 3rd period - Jared Boll wins face-off versus Stephane Da Costa in Sasquatch zone.
18:41 of 3rd period - Slava Voynov is hit by Mark Mancari and loses puck.
19:10 of 3rd period - Jason Akeson is hit by Patrick Bordeleau and loses puck.
19:23 of 3rd period - Snap shot by Zach Boychuk.
19:23 of 3rd period - Stopped by Martin Houle with a rebound.
19:43 of 3rd period - Lars Eller is hit by Mattias Ekholm.
Goals for this period are 2 for Sasquatch vs 3 for Sewer Rats.
Shots for this period are 18 for Sasquatch vs 19 for Sewer Rats.
Back to the Top